 Dungeon Crawl Stone Soup version 0.23-a0-171-g5ae17c6 (webtiles) character file.

1042 digijack the Skirmisher (level 8, -9/63 HPs)
             Began as a Red Draconian Hunter on Sept 11, 2018.
             Was a Follower of Okawaru.
             Mangled by an orc warrior
             ... wielding a +0 halberd of venom
              (22 damage)
             ... on level 6 of the Dungeon on Sept 12, 2018.
             The game lasted 00:31:06 (6952 turns).

digijack the Skirmisher (Red Draconian Hunter)      Turns: 6952, Time: 00:31:07

Health: -9/63      AC: 11    Str: 14    XL:     8   Next: 4%
Magic:  8/8        EV: 15    Int: 11    God:    Okawaru [*.....]
Gold:   324        SH:  0    Dex: 15    Spells: 7/7 levels left

rFire    + . .     SeeInvis .   h - +0 spear (curse)
rCold    . . .     Gourm    .   (no shield)
rNeg     . . .     Faith    .   (armour unavailable)
rPois    .         Spirit   .   n - +1 hat
rElec    .         Reflect  .   (no cloak)
rCorr    .         Harm     .   (no gloves)
MR       .....                  (no boots)
Stlth    +.........             (no amulet)
HPRegen  0.20/turn              j - ring of attention (curse)
MPRegen  0.11/turn              l - +4 ring of protection

@: lethally poisoned (-9 -> -15), flying
A: breathe fire, unfitting armour, stinger 1, fire resistance 1, frail 1,
cold-blooded, AC +6
a: Breathe Fire, Heroism, Renounce Religion


You were on level 6 of the Dungeon.
You worshipped Okawaru.
Okawaru was aware of your devotion.
You were not hungry.

You visited 2 branches of the dungeon, and saw 7 of its levels.

You collected 324 gold pieces.

Inventory:

Hand Weapons
 h - a cursed +0 spear (weapon)
 p - a +0 war axe
Missiles
 c - a throwing net (quivered)
 g - 153 stones
Armour
 n - a +1 hat (worn)
Jewellery
 a - an uncursed ring of magical power
 e - an uncursed ring of ice
 i - an uncursed ring of flight
 j - a cursed ring of attention (left hand)
 l - a +4 ring of protection (right hand)
Wands
 f - a wand of flame (21)
Scrolls
 k - a scroll of magic mapping
 m - 2 scrolls of identify
 r - a scroll of teleportation
Potions
 q - a potion of might
 t - a potion of curing
Comestibles
 d - 4 rations
 o - 10 chunks of flesh


   Skills:
 + Level 6.2 Fighting
 + Level 6.1 Throwing
 + Level 5.2 Dodging
 - Level 0.8 Stealth


You had 7 spell levels left.
You didn't know any spells.
Your spell library contained the following spells:

 Spells                   Type           Power        Failure   Level  Hunger
 Beastly Appendage        Tmut           #.....       34%         1    ##.....
 Corona                   Hex            #......      34%         1    ##.....
 Magic Dart               Conj           #...         34%         1    ##.....
 Blink                    Tloc           N/A          47%         2    ###....
 Call Imp                 Summ           #.......     47%         2    ###....
 Slow                     Hex            #.......     47%         2    ###....
 Sticks to Snakes         Tmut           #.......     47%         2    ###....
 Conjure Flame            Conj/Fire      #.......     71%         3    ####...
 Inner Flame              Hex/Fire       #.......     71%         3    ####...
 Mephitic Cloud           Conj/Pois/Air  #.......     71%         3    ####...
 Portal Projectile        Hex/Tloc       #.....       71%         3    ####...
 Spider Form              Tmut/Pois      #.........   71%         3    ####...
 Cause Fear               Hex            #.........   98%         4    #####..
 Ice Form                 Ice/Tmut       #.......     98%         4    #####..
 Leda's Liquefaction      Hex/Erth       #.........   98%         4    #####..
 Blade Hands              Tmut           #.........   100%        5    ######.


Dungeon Overview and Level Annotations

Branches:
Dungeon (6/15)             Temple (1/1) D:4

Altars:
Cheibriados
Elyvilon
Fedhas
Gozag
Kikubaaqudgha
Makhleb
Nemelex Xobeh
Okawaru
Qazlal
Ru
Sif Muna
Trog
Uskayaw
Vehumet
Wu Jian
Xom
Yredelemnul
Zin
The Shining One

Shops:
D:4 *

Annotations:
D:4 3 runed doors, derval's ghost, novice GnTm; iamserjio's ghost, amateur BaFi


Innate Abilities, Weirdness & Mutations

You can breathe blasts of fire.
Your fiery red scales are hard. (AC +6)
You cannot fit into any form of body armour.
Your flesh is heat resistant. (rF+)
You are cold-blooded and may be slowed by cold attacks.
Your tail ends in a poisonous barb.
You are frail. (-10% HP)


Message History

The orc warrior hits you but does no damage.
You are more poisoned.
You completely miss the orc warrior.
The orc warrior is almost dead.
You feel sick. The orc warrior closely misses you.
You hit the orc warrior but do no damage.
The orc warrior is almost dead.
You feel sick. The orc warrior closely misses you.
You closely miss the orc warrior.
The orc warrior is almost dead.
You feel sick.
You hit the orc warrior but do no damage.
The orc warrior is almost dead.
You feel sick.
The orc warrior hits you with a halberd of venom.
* * * LOW HITPOINT WARNING * * *
You feel very buoyant.
You fly up into the air.
You feel sick.
The orc warrior hits you with a halberd of venom!!
You die...

.##..##.#.........>.....#
#...##
#.####.#.#..............#
#...##
.#....#.##..............#
#....#
#......##.#.............#
#....#
.........#.#..#...##...>#
#...##
÷.........##..######....#
#...##
............#.....#.....#
#....#
..................#.....#
#....#
......########(.@o'(...(#
#....# #######
#######....' #....÷ ..#
#...## # #...## #.....
#..... #..... #.....
#.....


You could see an orc warrior.

Vanquished Creatures
  An ice beast (D:6)
  2 sky beasts
  An ogre (D:6)
  2 scorpions
  A howler monkey (D:4)
  A centaur zombie (D:5)
  2 hounds
  2 orc wizards (D:6)
  A bullfrog skeleton (D:5)
  A centaur skeleton (D:5)
  Ijyb (D:4)
  4 worker ants
  14 adders
  An ooze (D:2)
  2 worms
  2 dart slugs
  4 leopard geckos
  5 orcs
  A giant cockroach (D:6)
  10 goblins
  4 hobgoblins
  12 jackals
  A quokka (D:6)
  3 ball pythons
  8 bats
  5 frilled lizards
  A jackal zombie (D:5)
  6 kobolds
  A quokka zombie (D:5)
  7 rats
  A spectral orc (D:5)
107 creatures vanquished.

Vanquished Creatures (others)
  3 withered plants (D:4)
3 creatures vanquished.

Grand Total: 110 creatures vanquished

Notes
Turn   | Place    | Note
-------+----------+-------------------------------------------
     0 | D:1      | digijack the Draconian Hunter began the quest for the Orb.
     0 | D:1      | Reached XP level 1. HP: 17/17 MP: 1/1
   198 | D:1      | Reached XP level 2. HP: 25/25 MP: 2/2
   795 | D:2      | Gained mutation: Your body sometimes deteriorates upon
                  | taking damage. [potion of mutation]
   795 | D:2      | Lost mutation: Your body sometimes deteriorates upon taking
                  | damage. [potion of mutation]
   795 | D:2      | Gained mutation: You are frail. (-10% HP) [potion of
                  | mutation]
   795 | D:2      | Gained mutation: Your tail ends in a poisonous barb.
                  | [potion of mutation]
   833 | D:2      | Reached XP level 3. HP: 20/27 MP: 3/3
   921 | D:2      | Found a hide-covered altar of Uskayaw.
   929 | D:2      | Found a deep blue altar of Sif Muna.
   929 | D:2      | Found a stormy altar of Qazlal.
   947 | D:2      | Found a bloodstained altar of Trog.
   955 | D:2      | Found an opulent altar of Gozag.
  1183 | D:2      | Reached XP level 4. HP: 29/34 MP: 4/4
  1216 | D:2      | Found a blossoming altar of Fedhas.
  1390 | D:2      | Found a sacrificial altar of Ru.
  2501 | D:4      | Found Reaclis's Assorted Antiques.
  2529 | D:4      | Reached XP level 5. HP: 35/41 MP: 5/5
  2777 | D:4      | Noticed Ijyb
  2791 | D:4      | Killed Ijyb
  3015 | D:4      | Found a staircase to the Ecumenical Temple.
  3042 | Temple   | Entered the Ecumenical Temple
  3112 | Temple   | Became a worshipper of Warmaster Okawaru
  3471 | D:4      | Reached XP level 6. HP: 28/47 MP: 6/6
  3731 | D:4      | Found a runed gate.
  3731 | D:4      | Found a runed gate.
  3733 | D:4      | Found a runed gate.
  3735 | D:4      | Noticed derval's ghost (novice GnTm)
  3738 | D:4      | Noticed iamserjio's ghost (amateur BaFi)
  3806 | D:4      | Reached skill level 5 in Throwing
  3807 | D:4      | Upgraded the game from 0.23-a0-169-gb21e695 to
                  | 0.23-a0-171-g5ae17c6
  4322 | D:5      | Entered Level 5 of the Dungeon
  4392 | D:5      | HP: 1/49 [orc/war axe (12)]
  4755 | D:5      | Reached skill level 5 in Fighting
  4808 | D:5      | Your scales start taking on a fiery red colour.
  4808 | D:5      | Reached XP level 7. HP: 52/54 MP: 7/7
  4808 | D:5      | Gained mutation: Your flesh is heat resistant. (rF+) [Red
                  | Draconian growth]
  4950 | D:5      | Reached * piety under Okawaru
  5854 | D:5      | Found a basalt altar of Yredelemnul.
  6489 | D:6      | Reached skill level 5 in Dodging
  6545 | D:6      | Reached XP level 8. HP: 32/63 MP: 8/8
  6703 | D:6      | Found a blossoming altar of Fedhas.
  6952 | D:6      | Mangled by an orc warrior

Vault maps used:
D:1:      dpeg_arrival_windows_large_door, solitary_fountain,
          minmay_tromino_v4_b
D:2:      nicolae_overflow_crystal_walls, minmay_overflow_temple_star_hex,
          lemuel_round_altar, minivault_19
D:3:      first_ration, minmay_misc_feat_plants
D:4:      minmay_temple_entry_crystal_x, serial_shops,
          nicolae_shop_overgrown_old_shop, gammafunk_ghost_cemetery, uniq_ijyb
D:5:      yredelemnul_forgotten_temple_becter
D:6:      lemuel_coloured_pillars_altar, minmay_misc_feat_secret_circle,
          fedhas_altar_1
Temple:   minmay_freezing_vapour_temple

Skill      XL: |  1  2  3  4  5  6  7 |
---------------+----------------------+-----
Dodging        | 2 3 4 5 |  5.2
Throwing       | 4 5 6 |  6.1
Fighting       | 3 4 5 6 |  6.2
Stealth        | |  0.8

Action                   |  1- 3 |  4- 6 |  7- 9 || total
-------------------------+-------+-------+-------++-------
Melee: Short sword       |    48 |       |       ||    48
       Tailslap          |     7 |    35 |    36 ||    78
       Spear             |    72 |   304 |   236 ||   612
Throw: Javelin           |       |     3 |    15 ||    18
       Throwing net      |       |       |     1 ||     1
 Abil: Breathe Fire      |       |       |     1 ||     1
  Use: Scroll            |     5 |     2 |     1 ||     8
       Potion            |     3 |     1 |     3 ||     7
 Stab: Sleeping          |     4 |     2 |       ||     6
  Eat: Chunk             |     1 |     9 |     7 ||    17
       Ration            |       |     1 |       ||     1
Armor: Skin              |    32 |    97 |   149 ||   278
Dodge: Dodged            |    78 |   237 |   324 ||   639

Table legend:
 A = Non-vault XP
 B = Vault XP
 C = Vault XP percentage of total XP
 D = Non-vault monster count
 E = Vault monster count
 F = Vault count percentage of total count
                 A         B        C        D         E       F
            +---------+---------+-------+---------+---------+-------
      Total |    1450 |      39 |   2.6 |     104 |       3 |   2.8
            +---------+---------+-------+---------+---------+-------
        D:1 |      33 |       2 |   5.7 |      21 |       1 |   4.5
        D:2 |      79 |       0 |   0.0 |      22 |       0 |   0.0
        D:3 |      71 |       0 |   0.0 |      14 |       0 |   0.0
        D:4 |     309 |      36 |  10.4 |      11 |       1 |   8.3
        D:5 |     456 |       1 |   0.2 |      20 |       1 |   4.8
        D:6 |     502 |       0 |   0.0 |      16 |       0 |   0.0
            +---------+---------+-------+---------+---------+-------
